 Dungeon Crawl Stone Soup version 0.30.1-9-gdf580d7c3d (webtiles) character file.

Game seed: 3736914767013368851

159 Kaboulah the Vexing (level 5, -2/30 HPs)
             Began as a Deep Elf Hexslinger on Sept 30, 2023.
             Slain by a black bear (5 damage)
             ... on level 4 of the Dungeon.
             The game lasted 00:29:48 (2748 turns).

Kaboulah the Vexing (Deep Elf Hexslinger)           Turns: 2748, Time: 00:29:49

Health: -2/30      AC:  6    Str:  7    XL:     5   Next: 17%
Magic:  10/11      EV: 12    Int: 18    God:
Gold:   125        SH:  0    Dex: 17    Spells: 8/9 levels left

rFire   . . .        a - +1 sling
rCold   . . .        (no shield)
rNeg    . . .        e - +0 leather armour
rPois   .            l - +2 helmet
rElec   .            (no cloak)
rCorr   .            (no gloves)
SInv    .            (no boots)
Will    .....        (no amulet)
Stlth   ++           (no ring)
HPRegen 0.25/turn    (no ring)
MPRegen 0.12/turn

%: no passive effects
@: no status effects
A: no striking features
a: no special abilities


You were on level 4 of the Dungeon.
You visited 1 branch of the dungeon, and saw 4 of its levels.

You collected 125 gold pieces.

Inventory:

Hand Weapons
 a - a +1 sling (weapon)
Armour
 e - a +0 leather armour (worn)
 l - a +2 helmet (worn)
 q - a +0 ring mail
Jewellery
 m - a ring of see invisible
Scrolls
 b - a scroll of poison
 c - a scroll of teleportation {unknown}
 d - a scroll of enchant armour
 f - a scroll of blinking
 g - a scroll of magic mapping {unknown}
 k - 2 scrolls of brand weapon
 o - a scroll of fog {unknown}
 r - a scroll of torment {unknown}
 s - a scroll of fear {unknown}
 t - a scroll of identify
Potions
 h - a potion of curing {unknown}
 i - a potion of might {unknown}
 j - a potion of haste {unknown}
 n - 2 potions of magic {unknown}
 p - a potion of ambrosia {unknown}


   Skills:
 * Level 1.9 Fighting
 + Level 3.6 Ranged Weapons
 + Level 0.7 Armour
 + Level 3.3 Dodging
 + Level 2.1 Stealth
 + Level 2.8 Spellcasting
 + Level 4.7 Hexes


You had 8 spell levels left.
You knew the following spells:

 Your Spells              Type           Power      Damage    Failure   Level
a - Slow                  Hex            76%        N/A       3%          1

Your spell library contained the following spells:

 Spells                   Type           Power      Damage    Failure   Level
 Inner Flame              Hex/Fire       11%        N/A       26%         3
 Portal Projectile        Hex/Tloc       22%        N/A       26%         3
 Cause Fear               Hex            9%         N/A       32%         4
 Lesser Beckoning         Tloc           4%         N/A       36%         2
 Poisonous Vapours        Pois/Air       4%         N/A       36%         2
 Static Discharge         Conj/Air       4%         2-3/arc   36%         2
 Gell's Gravitas          Tloc           2%         N/A       58%         3
 Mephitic Cloud           Conj/Pois/Air  2%         N/A       58%         3
 Teleport Other           Tloc           2%         N/A       58%         3
 Airstrike                Air            1%         2d(1-17)  94%         4
 Summon Lightning Spire   Summ/Air       2%         N/A       94%         4
 Freezing Cloud           Conj/Ice/Air   1%         6-21      100%        5


Dungeon Overview and Level Annotations

Branches:
Dungeon (4/15)
 Temple: D:4-7

Altars:

Shops:
D:1 :


Message History

The black bear is heavily wounded.
Fire: a) +1 sling
Press: ? - help, Shift-Dir - straight line, f/p - black bear
Aim: a black bear (heavily wounded, 67% to hit)
You shoot a sling bullet. The sling bullet hits the black bear.
The black bear is severely wounded.
You shoot a sling bullet.
The sling bullet barely misses the black bear.
The black bear goes berserk!
The black bear bites you! The black bear claws you.
The black bear completely misses you.
You shoot a sling bullet.
The sling bullet completely misses the black bear.
The black bear bites you! The black bear barely misses you.
The black bear claws you.
Aiming: Slow (safe; 3% risk of failure)
Press: ? - help, Q - select action, (/) - cycle Shift-Dir - straight line, f/p - black bear
Aim: a black bear (severely wounded, berserk, chance to affect: 51%)
The black bear seems to slow down.
The black bear barely misses you.
The black bear claws you but does no damage.
The black bear claws you.
The black bear rages.
The black bear rages.
The black bear rages.
The black bear attacks as you move away!
The black bear bites you. The black bear claws you.
* * * LOW HITPOINT WARNING * * *
The black bear claws you.
* * * LOW HITPOINT WARNING * * *
Aiming: Slow (safe; 3% risk of failure)
Press: ? - help, Q - select action, (/) - cycle Shift-Dir - straight line, f/p - black bear
Aim: a black bear (severely wounded, berserk, slow, chance to affect: 51%)
The black bear seems to slow down.
The black bear closely misses you. The black bear claws you.
* * * LOW HITPOINT WARNING * * *
The black bear claws you.
* * * LOW HITPOINT WARNING * * *
The black bear attacks as you move away!
The black bear closely misses you. The black bear claws you.
You die...

########...........##.#
......................#
########.#.############
#.#.# #.....# #.#.#
#.###.# #.#.# #.# #.#
#.#.# #.# #.#
#.#.####.# #.#
#.#..@h..# #.# ######.#
#.# ### #.# ..# ###


You could see a black bear (berserk, slow).

Vanquished Creatures
  Natasha (D:2)
  Robin (D:3)
  6 adders
  2 worms (D:3)
  2 dart slugs
  An orc (D:3)
  3 ball pythons
  3 bats
  2 endoplasms (D:2)
  2 giant cockroaches
  9 goblins
  10 hobgoblins
  2 jackals (D:2)
  3 quokkas
  2 frilled lizards (D:3)
  3 kobolds
  2 rats
54 creatures vanquished.

Notes
Turn   | Place    | Note
-------+----------+-------------------------------------------
     0 | D:1      | Kaboulah the Deep Elf Hexslinger began the quest for the
                  | Orb.
     0 | D:1      | Reached XP level 1. HP: 11/11 MP: 5/5
   276 | D:1      | Found Lodul's Book Boutique.
   310 | D:1      | Reached skill level 1 in Fighting
   310 | D:1      | Reached XP level 2. HP: 16/16 MP: 6/6
   877 | D:2      | Reached skill level 1 in Stealth
  1109 | D:2      | Reached XP level 3. HP: 17/20 MP: 8/8
  1721 | D:3      | Reached XP level 4. HP: 21/25 MP: 9/9
  1813 | D:3      | Noticed Robin
  2007 | D:3      | Killed Robin
  2082 | D:3      | Noticed Natasha
  2455 | D:2      | Killed Natasha
  2456 | D:2      | Reached XP level 5. HP: 14/30 MP: 11/11
  2727 | D:4      | Noticed a black bear
  2748 | D:4      | Slain by a black bear

Illustrated notes

Levels and vault maps discovered:
D:1:      heliophobic_arrival_dark_side_of_the_moon, layout_basic, serial_shops,
          nicolae_shop_advertising_works [nicolae_subvault_shop_adworks]
D:2:      layout_loops_corners
D:3:      layout_rooms, serial_glass, glass_columns_c, glass_columns_a,
          serial_bayou_pond_d, uniq_robin, uniq_natasha
D:4:      layout_basic, nicolae_tso_swordbearing_angel

Skill      XL: |  1  2  3  4 |
---------------+-------------+-----
Fighting       | 1 |  1.9
Ranged Weapons | 3 |  3.6
Stealth        | 1 2 |  2.1
Spellcasting   | 2 |  2.8
Dodging        | 3 |  3.3
Armour         | |  0.7
Hexes          | |  4.7

Action                     |  1- 3 |  4- 6 || total
---------------------------+-------+-------++-------
   Fire: Sling             |   119 |   106 ||   225
   Cast: Slow              |    15 |     6 ||    21
    Use: Scroll            |       |     4 ||     4
 Armour: Robe              |     2 |       ||     2
         Leather armour    |    13 |    27 ||    40
  Dodge: Dodged            |    37 |    49 ||    86
